| TOP OF THE 1ST |
|
Hillsboro Hops batting - Pitching for Tri-City Dust Devils : RHP Roger Watkins
|
|
Pitching: RHP Roger Watkins
|
|
|
Batting: SHB Blaine Peters
|
0-0: Swinging Strike 0-1: Ball 1-1: Ball 2-1: Ball 3-1: Foul Ball, location: 2F 3-2: Base on Balls
|
|
Batting: LHB Soo-yeon Kym
|
0-0: Called Strike Blaine Peters steals 2nd base 0-1: Ball 1-1: Foul Ball, location: 2F 1-2: Ball 2-2: Ball 3-2: Foul Ball, location: 2F 3-2: Foul Ball, location: 2F 3-2: 2-RUN HOME RUN (Flyball, 8LXD, EV 103.1 MPH), Distance : 431 ft
|
|
Batting: RHB Wen-hua Lei
|
0-0: Ground out 4-3 (Groundball, 4, EV 103.1 MPH)
|
|
Batting: LHB Dillon Rizzuto
|
0-0: Ball 1-0: Swinging Strike 1-1: Swinging Strike 1-2: Strikes out looking
|
|
Batting: RHB Ian Sousa
|
0-0: Called Strike 0-1: Foul Ball, location: 2F 0-2: Ball 1-2: Foul Ball, location: 2F 1-2: Foul Ball, location: 2F 1-2: Strikes out swinging
|
| Top of the 1st over - 2 runs, 1 hit, 0 errors, 0 left on base; Hillsboro 2 - Tri-City 0 |
| BOTTOM OF THE 1ST |
|
Tri-City Dust Devils batting - Pitching for Hillsboro Hops : LHP Henry Torres
|
|
Pitching: LHP Henry Torres
|
|
|
Batting: RHB Dave McBain
|
0-0: Called Strike 0-1: Foul Ball, location: 2F 0-2: Ball 1-2: Hit by Pitch
|
|
Batting: RHB Brett Steele
|
0-0: Swinging Strike Dave McBain is caught stealing 2nd base 2-4 0-1: Fly out, F9 (Flyball, 9S, EV 92.5 MPH)
|
|
Batting: RHB Antonio Lara
|
0-0: Called Strike 0-1: Foul Ball, location: 2F 0-2: Foul Ball, location: 2F 0-2: Foul Ball, location: 2F 0-2: Ball 1-2: Ball 2-2: DOUBLE (Line Drive, 78D, EV 105.0 MPH)
|
|
Batting: RHB Ryan Marler
|
0-0: Ball 1-0: Foul Ball, location: 2F 1-1: Swinging Strike 1-2: Foul Ball, location: 2F 1-2: Ball 2-2: Fly out, F4 (Line Drive, 4, EV 68.8 MPH)
|
| Bottom of the 1st over - 0 runs, 1 hit, 0 errors, 1 left on base; Hillsboro 2 - Tri-City 0 |
| TOP OF THE 2ND |
|
Hillsboro Hops batting - Pitching for Tri-City Dust Devils : RHP Roger Watkins
|
|
Batting: RHB Josh Burrows
|
0-0: Hit by Pitch
|
|
Batting: LHB Ivan Cortez
|
0-0: Ball 1-0: DOUBLE (Groundball, 3L, EV 96.2 MPH) Josh Burrows to third
|
|
Batting: RHB Jeremy Adams
|
0-0: SINGLE (Groundball, 5S, EV 70.0 MPH) (infield hit) Josh Burrows scores Ivan Cortez to third
|
|
Batting: RHB Trevor Corey
|
0-0: Called Strike 0-1: Ball 1-1: Swinging Strike 1-2: Foul Ball, location: 2F 1-2: Ball 2-2: Strikes out swinging
|
|
Batting: SHB Blaine Peters
|
0-0: Called Strike 0-1: Called Strike 0-2: Ball 1-2: Strikes out swinging
|
|
Batting: LHB Soo-yeon Kym
|
0-0: Ball 1-0: Ball 2-0: Ball 3-0: Called Strike 3-1: Foul Ball, location: 2F 3-2: Foul Ball, location: 2F 3-2: Base on Balls Jeremy Adams to second
|
|
Batting: RHB Wen-hua Lei
|
0-0: Ground out U3 (Groundball, 34, EV 93.1 MPH)
|
| Top of the 2nd over - 1 run, 2 hits, 0 errors, 3 left on base; Hillsboro 3 - Tri-City 0 |
| BOTTOM OF THE 2ND |
|
Tri-City Dust Devils batting - Pitching for Hillsboro Hops : LHP Henry Torres
|
|
Batting: RHB Rich Justice
|
0-0: Called Strike 0-1: Ball 1-1: Foul Ball, location: 2F 1-2: SINGLE (Groundball, 6MS, EV 66.9 MPH) (infield hit)
|
|
Batting: RHB Eduardo Calderon
|
0-0: Called Strike 0-1: Swinging Strike 0-2: Ball 1-2: Strikes out swinging Rich Justice steals 2nd, throwing error, E2 Rich Justice to third
|
|
Batting: RHB Paul Van Gilder
|
0-0: Ball 1-0: Foul Ball, location: 2F 1-1: Ball 2-1: Foul Ball, location: 2F 2-2: Foul Ball, location: 2F 2-2: Foul Ball, location: 2F 2-2: Ball 3-2: Foul Ball, location: 2F 3-2: Fly out, F5 (Popup, 5SF, EV 72.5 MPH)
|
|
Batting: LHB Roger Duque
|
0-0: Ball 1-0: Called Strike 1-1: Swinging Strike 1-2: Ball 2-2: Ball 3-2: Strikes out swinging
|
| Bottom of the 2nd over - 0 runs, 1 hit, 1 error, 1 left on base; Hillsboro 3 - Tri-City 0 |
| TOP OF THE 3RD |
|
Hillsboro Hops batting - Pitching for Tri-City Dust Devils : RHP Roger Watkins
|
|
Batting: LHB Dillon Rizzuto
|
0-0: Ball 1-0: Called Strike 1-1: Ball 2-1: Ball 3-1: Called Strike 3-2: Foul Ball, location: 2F 3-2: Strikes out swinging
|
|
Batting: RHB Ian Sousa
|
0-0: Called Strike 0-1: Ball 1-1: Swinging Strike 1-2: Ground out 6-3 (Groundball, 56D, EV 80.0 MPH)
|
|
Batting: RHB Josh Burrows
|
0-0: Foul Ball, location: 2F 0-1: Ball 1-1: Ball 2-1: Fly out, F6 (Popup, P, EV 80.0 MPH)
|
| Top of the 3rd over - 0 runs, 0 hits, 0 errors, 0 left on base; Hillsboro 3 - Tri-City 0 |
| BOTTOM OF THE 3RD |
|
Tri-City Dust Devils batting - Pitching for Hillsboro Hops : LHP Henry Torres
|
|
Batting: LHB Jeff Trapp
|
0-0: Called Strike 0-1: Ground out 6-3 (Groundball, 6, EV 102.5 MPH)
|
|
Batting: RHB Dave McBain
|
0-0: Ball 1-0: Ball 2-0: Called Strike 2-1: Foul Ball, location: 2F 2-2: Ground out 6-3 (Groundball, 6, EV 105.0 MPH)
|
|
Batting: RHB Brett Steele
|
0-0: Ball 1-0: Ball 2-0: Called Strike 2-1: Foul Ball, location: 2F 2-2: Foul Ball, location: 2F 2-2: Ball 3-2: SINGLE (Groundball, 15S, EV 75.0 MPH) (infield hit)
|
|
Pinch Runner at 1st Hector Fernandez:
|
|
|
Batting: RHB Antonio Lara
|
0-0: Called Strike Hector Fernandez steals 2nd base 0-1: Ball 1-1: Ball Passed Ball! Hector Fernandez to third 2-1: Ball 3-1: Base on Balls
|
|
Batting: RHB Ryan Marler
|
0-0: Foul Ball, location: 2F 0-1: Fly out, F8 (Flyball, 8LM, EV 91.9 MPH)
|
| Bottom of the 3rd over - 0 runs, 1 hit, 0 errors, 2 left on base; Hillsboro 3 - Tri-City 0 |
| TOP OF THE 4TH |
|
Hillsboro Hops batting - Pitching for Tri-City Dust Devils : RHP Roger Watkins
|
|
Now at 3B: Hector Fernandez
|
|
|
Now at SS: Rich Justice
|
|
|
Batting: LHB Ivan Cortez
|
0-0: Ball 1-0: Called Strike 1-1: Ball 2-1: Ground out 1-3 (Groundball, 13S, EV 68.8 MPH)
|
|
Batting: RHB Jeremy Adams
|
0-0: Called Strike 0-1: Ball 1-1: Ball 2-1: Swinging Strike 2-2: Strikes out swinging
|
|
Batting: RHB Trevor Corey
|
0-0: Ball 1-0: Ground out U3 (Groundball, 23, EV 89.4 MPH)
|
| Top of the 4th over - 0 runs, 0 hits, 0 errors, 0 left on base; Hillsboro 3 - Tri-City 0 |
| BOTTOM OF THE 4TH |
|
Tri-City Dust Devils batting - Pitching for Hillsboro Hops : LHP Henry Torres
|
|
Batting: RHB Rich Justice
|
0-0: Ball 1-0: Called Strike 1-1: TRIPLE (Flyball, 9LD, EV 100.0 MPH)
|
|
Batting: RHB Eduardo Calderon
|
0-0: Foul Ball, location: 2F 0-1: Ball 1-1: Ground out 6-3 (Groundball, 56, EV 108.8 MPH) Rich Justice scores
|
|
Batting: RHB Paul Van Gilder
|
0-0: Ball 1-0: Called Strike 1-1: Ball 2-1: Foul Ball, location: 2F 2-2: Foul Ball, location: 2F 2-2: Strikes out looking
|
|
Batting: LHB Roger Duque
|
0-0: Ball 1-0: Foul Ball, location: 2F 1-1: Hit by Pitch
|
|
Batting: LHB Jeff Trapp
|
0-0: Called Strike 0-1: Ball Roger Duque steals 2nd base 1-1: Foul Ball, location: 2F 1-2: Ball 2-2: Ball 3-2: Strikes out swinging
|
| Bottom of the 4th over - 1 run, 1 hit, 0 errors, 1 left on base; Hillsboro 3 - Tri-City 1 |
| TOP OF THE 5TH |
|
Hillsboro Hops batting - Pitching for Tri-City Dust Devils : RHP Roger Watkins
|
|
Batting: SHB Blaine Peters
|
0-0: Ball 1-0: Ball 2-0: Foul Ball, location: 2F 2-1: Foul Ball, location: 2F 2-2: Strikes out looking
|
|
Batting: LHB Soo-yeon Kym
|
0-0: Ball 1-0: Ball 2-0: Foul Ball, location: 2F 2-1: Ground out 5-3 (Groundball, 56, EV 86.2 MPH)
|
|
Batting: RHB Wen-hua Lei
|
0-0: Called Strike 0-1: Ball 1-1: Foul Ball, location: 2F 1-2: Ball 2-2: Ball 3-2: Base on Balls
|
|
Batting: LHB Dillon Rizzuto
|
0-0: Called Strike Wen-hua Lei is caught stealing 2nd base 2-6
|
| Top of the 5th over - 0 runs, 0 hits, 0 errors, 0 left on base; Hillsboro 3 - Tri-City 1 |
| BOTTOM OF THE 5TH |
|
Tri-City Dust Devils batting - Pitching for Hillsboro Hops : LHP Henry Torres
|
|
Batting: RHB Dave McBain
|
0-0: Foul Ball, location: 2F 0-1: Swinging Strike 0-2: Fly out, F2 (Popup, 2LF, EV 88.1 MPH)
|
|
Batting: RHB Hector Fernandez
|
0-0: SINGLE (Line Drive, 78M, EV 107.5 MPH)
|
|
Batting: RHB Antonio Lara
|
0-0: Grounds into double play, 6-4-3 (Groundball, 6, EV 86.9 MPH)
|
| Bottom of the 5th over - 0 runs, 1 hit, 0 errors, 0 left on base; Hillsboro 3 - Tri-City 1 |
| TOP OF THE 6TH |
|
Hillsboro Hops batting - Pitching for Tri-City Dust Devils : RHP Roger Watkins
|
|
Batting: LHB Dillon Rizzuto
|
0-0: Called Strike 0-1: Swinging Strike 0-2: Ball 1-2: Ball 2-2: Strikes out swinging
|
|
Batting: RHB Ian Sousa
|
0-0: Ball 1-0: Foul Ball, location: 2F 1-1: Ball 2-1: Ball 3-1: Base on Balls
|
|
Batting: RHB Josh Burrows
|
0-0: Ball 1-0: Foul Ball, location: 2F 1-1: Ball 2-1: Swinging Strike 2-2: Strikes out swinging
|
|
Batting: LHB Ivan Cortez
|
0-0: SINGLE (Line Drive, 7S, EV 92.5 MPH) Ian Sousa to second
|
|
Batting: RHB Jeremy Adams
|
0-0: DOUBLE (Flyball, 8RXD, EV 102.5 MPH) Ian Sousa scores Ivan Cortez to third
|
|
Batting: RHB Trevor Corey
|
0-0: Ball Wild Pitch! Ivan Cortez scores Jeremy Adams to third 1-0: Ball 2-0: Foul Ball, location: 2F 2-1: Swinging Strike 2-2: Ground out 4-3 (Groundball, 4, EV 96.2 MPH)
|
| Top of the 6th over - 2 runs, 2 hits, 0 errors, 1 left on base; Hillsboro 5 - Tri-City 1 |
| BOTTOM OF THE 6TH |
|
Tri-City Dust Devils batting - Pitching for Hillsboro Hops : LHP Henry Torres
|
|
Batting: RHB Ryan Marler
|
0-0: Ball 1-0: Foul Ball, location: 2F 1-1: Ball 2-1: Foul Ball, location: 2F 2-2: SINGLE (Flyball, 8RS, EV 101.2 MPH)
|
|
Pitching: RHP Josh Mott
|
|
|
Batting: RHB Rich Justice
|
0-0: Swinging Strike 0-1: Foul Ball, location: 2F 0-2: Ball 1-2: Ball 2-2: Strikes out looking
|
|
Batting: RHB Eduardo Calderon
|
0-0: Hit by Pitch Ryan Marler to second
|
|
Batting: RHB Paul Van Gilder
|
0-0: Fielders Choice at 2nd, 3-6 (Groundball, 34, EV 85.0 MPH) Ryan Marler to third
|
|
Batting: LHB Roger Duque
|
0-0: Called Strike 0-1: Called Strike 0-2: Strikes out swinging
|
| Bottom of the 6th over - 0 runs, 1 hit, 0 errors, 2 left on base; Hillsboro 5 - Tri-City 1 |
| TOP OF THE 7TH |
|
Hillsboro Hops batting - Pitching for Tri-City Dust Devils : RHP Roger Watkins
|
|
Pitching: LHP Ismael Diaz
|
|
|
Batting: SHB Blaine Peters
|
0-0: Called Strike 0-1: Ball 1-1: Swinging Strike 1-2: Strikes out swinging
|
|
Batting: LHB Soo-yeon Kym
|
0-0: Swinging Strike 0-1: Swinging Strike 0-2: Ball 1-2: Strikes out swinging
|
|
Batting: RHB Wen-hua Lei
|
0-0: Ball 1-0: Foul Ball, location: 2F 1-1: Ball 2-1: Called Strike 2-2: Foul Ball, location: 2F 2-2: Ball 3-2: Fly out, F8 (Flyball, 8RM, EV 76.9 MPH)
|
| Top of the 7th over - 0 runs, 0 hits, 0 errors, 0 left on base; Hillsboro 5 - Tri-City 1 |
| BOTTOM OF THE 7TH |
|
Tri-City Dust Devils batting - Pitching for Hillsboro Hops : RHP Josh Mott
|
|
Batting: LHB Jeff Trapp
|
0-0: Ball 1-0: Ball 2-0: Ball 3-0: Base on Balls
|
|
Batting: RHB Dave McBain
|
0-0: Called Strike 0-1: Foul Ball, location: 2F 0-2: Ball 1-2: Ball 2-2: Ball 3-2: Ground out U3 (Groundball, 3S, EV 74.4 MPH) Jeff Trapp to second
|
|
Batting: RHB Hector Fernandez
|
0-0: Ball 1-0: Called Strike 1-1: Ball 2-1: Ground out 6-3 (Groundball, 6, EV 90.6 MPH) Jeff Trapp to third
|
|
Batting: RHB Antonio Lara
|
0-0: Called Strike 0-1: Ground out 4-3 (Groundball, 4, EV 102.5 MPH)
|
| Bottom of the 7th over - 0 runs, 0 hits, 0 errors, 1 left on base; Hillsboro 5 - Tri-City 1 |
| TOP OF THE 8TH |
|
Hillsboro Hops batting - Pitching for Tri-City Dust Devils : LHP Ismael Diaz
|
|
Batting: LHB Dillon Rizzuto
|
0-0: Called Strike 0-1: Ball 1-1: Ball 2-1: Ball 3-1: Foul Ball, location: 2F 3-2: Foul Ball, location: 2F 3-2: Strikes out swinging
|
|
Batting: RHB Ian Sousa
|
0-0: Ball 1-0: Ball 2-0: Ball 3-0: Called Strike 3-1: Fly out, F8 (Flyball, 78S, EV 80.0 MPH)
|
|
Batting: RHB Josh Burrows
|
0-0: Ball 1-0: Foul Ball, location: 2F 1-1: Ball 2-1: Called Strike 2-2: Foul Ball, location: 2F 2-2: Strikes out looking
|
| Top of the 8th over - 0 runs, 0 hits, 0 errors, 0 left on base; Hillsboro 5 - Tri-City 1 |
| BOTTOM OF THE 8TH |
|
Tri-City Dust Devils batting - Pitching for Hillsboro Hops : RHP Josh Mott
|
|
Batting: RHB Ryan Marler
|
0-0: Ball 1-0: Foul Ball, location: 2F 1-1: Ball 2-1: Reached on error, E1 (Groundball, 15S, EV 63.1 MPH)
|
|
Pitching: RHP Phil Holmes
|
|
|
Batting: RHB Rich Justice
|
0-0: Ball 1-0: Called Strike 1-1: Swinging Strike Passed Ball! Ryan Marler to third 1-2: Strikes out swinging
|
|
Batting: RHB Eduardo Calderon
|
0-0: Called Strike 0-1: Foul Ball, location: 2F 0-2: Strikes out swinging
|
|
Batting: RHB Paul Van Gilder
|
0-0: Foul Ball, location: 2F 0-1: Ball 1-1: Ball 2-1: Ground out 6-3 (Groundball, 6, EV 96.2 MPH)
|
| Bottom of the 8th over - 0 runs, 0 hits, 1 error, 1 left on base; Hillsboro 5 - Tri-City 1 |
| TOP OF THE 9TH |
|
Hillsboro Hops batting - Pitching for Tri-City Dust Devils : LHP Ismael Diaz
|
|
Batting: LHB Ivan Cortez
|
0-0: Called Strike 0-1: Swinging Strike 0-2: Ball 1-2: Strikes out looking
|
|
Batting: RHB Jeremy Adams
|
0-0: Ball 1-0: Ball 2-0: Foul Ball, location: 2F 2-1: Swinging Strike 2-2: Foul Ball, location: 2F 2-2: Foul Ball, location: 2F 2-2: Strikes out swinging
|
|
Pitching: RHP PÄske Olmqvist
|
|
|
Batting: RHB Trevor Corey
|
0-0: Swinging Strike 0-1: Called Strike 0-2: Strikes out swinging
|
| Top of the 9th over - 0 runs, 0 hits, 0 errors, 0 left on base; Hillsboro 5 - Tri-City 1 |
| BOTTOM OF THE 9TH |
|
Tri-City Dust Devils batting - Pitching for Hillsboro Hops : RHP Phil Holmes
|
|
Now at 1B: Antonio Luisa
|
|
|
Batting: LHB Roger Duque
|
0-0: Ball 1-0: Ball 2-0: Ball 3-0: Called Strike 3-1: Foul Ball, location: 2F 3-2: Foul Ball, location: 2F 3-2: Foul Ball, location: 2F 3-2: Foul Ball, location: 2F 3-2: Foul Ball, location: 2F 3-2: Foul Ball, location: 2F 3-2: Ground out 4-3 (Groundball, 4, EV 86.2 MPH)
|
|
Batting: LHB Jeff Trapp
|
0-0: Swinging Strike 0-1: Ball 1-1: Foul Ball, location: 2F 1-2: Foul Ball, location: 2F 1-2: Ball 2-2: Foul Ball, location: 2F 2-2: Strikes out swinging
|
|
Batting: RHB Dave McBain
|
0-0: Ball 1-0: Swinging Strike 1-1: Called Strike 1-2: Foul Ball, location: 2F 1-2: Foul Ball, location: 2F 1-2: Foul Ball, location: 2F 1-2: Ball 2-2: Ball 3-2: Ground out 5-3 (Groundball, 56, EV 76.2 MPH)
|
| Bottom of the 9th over - 0 runs, 0 hits, 0 errors, 0 left on base; Hillsboro 5 - Tri-City 1 |
|